 Dungeon Crawl Stone Soup version 0.18-a0-1784-ga939a68 (webtiles) character file.

4266 Murumi the Slinger (level 10, -17/71 HPs)
             Began as a Formicid Fighter on Apr 18, 2016.
             Was a Follower of Elyvilon.
             Killed from afar by a rime drake (shapeshifter) (33 damage)
             ... with a flash freeze
             ... on level 9 of the Dungeon.
             The game lasted 00:51:28 (8341 turns).

Murumi the Slinger (Formicid Fighter)               Turns: 8341, Time: 00:51:28

Health: -17/71     AC: 16    Str: 23    XL:     10   Next: 56%
Magic:  13/13      EV:  6    Int:  9    God:    Elyvilon [*.....]
Gold:   31         SH:  0    Dex: 13    Spells: 0 memorised, 9 levels left

rFire  . . .     SeeInvis +     e - +0 long sword
rCold  . . .     Gourm    .     k - +0 plate armour
rNeg   . . .     Faith    .     c - +1 shield
rPois  .         Spirit   .     (helmet unavailable)
rElec  .         Dismiss  .     u - +0 cloak
rCorr  .         Reflect  +     A - +1 pair of gloves {Dex+3}
SustAt .         Harm     .     g - +0 pair of boots
MR     +....                    s - +5 amulet of reflection
Stlth  ..........               (no ring)
                                (no ring)

@: confused, somewhat resistant to hostile enchantments, extremely unstealthy
A: permanent stasis, dig shafts and tunnels, four strong arms, antennae 3
a: Dig, Shaft Self, Lesser Healing, Divine Protection, Renounce Religion


You were on level 9 of the Dungeon.
You worshipped Elyvilon.
Elyvilon was aware of your devotion.
You were not hungry.

You visited 2 branches of the dungeon, and saw 10 of its levels.

You collected 430 gold pieces.
You spent 399 gold pieces at shops.

Inventory:

Hand Weapons
 e - a +0 long sword (weapon)
 f - a +1 hunting sling
Missiles
 i - 156 stones (quivered)
 o - 52 sling bullets
Armour
 c - a +1 shield (worn)
 g - a +0 pair of boots (worn)
 k - a +0 plate armour (worn)
 u - a +0 cloak (worn)
 A - a +1 pair of gloves of dexterity (worn)
Jewellery
 s - a +5 amulet of reflection (around neck)
Wands
 t - a wand of lightning (4/15)
 w - a wand of iceblast (10/15)
 E - a wand of lightning (6/15)
Scrolls
 b - 3 scrolls of enchant weapon
 j - 2 scrolls of fear
 v - 4 scrolls of remove curse
 y - 2 scrolls of fog
 C - 5 scrolls of identify
Potions
 a - 2 potions of magic
 l - 2 potions of resistance
 p - a potion of ambrosia
 q - a potion of might
 r - a potion of cure mutation
 z - 2 potions of brilliance
 D - a potion of flight
Comestibles
 d - 5 fruits
 h - 2 bread rations
 m - 2 slices of pizza
 n - 5 meat rations
 x - a royal jelly
 B - 4 chunks of flesh


   Skills:
 - Level 4.0 Fighting
 - Level 7.0 Long Blades
 - Level 10.3 Slings
 - Level 4.4 Armour
 - Level 9.1 Shields
 + Level 4.8 Invocations


You had 9 spell levels left.
You didn't know any spells.

Dungeon Overview and Level Annotations

Branches:
Dungeon (9/15)             Temple (1/1) D:7
   Lair: D:8-11         Orc: D:9-12

Altars:
Ashenzari
Cheibriados
Dithmenos
Elyvilon
Fedhas
Gozag
Kikubaaqudgha
Makhleb
Nemelex Xobeh
Okawaru
Pakellas
Qazlal
Ru
Sif Muna
Trog
Vehumet
Xom
Yredelemnul
Zin
The Shining One
Lugonu

Shops:
D:8 [?=

Annotations:
D:6 Blork the orc


Innate Abilities, Weirdness & Mutations

You are under a permanent stasis effect.
You can dig through walls and to a lower floor.
Your four strong arms can wield two-handed weapons with a shield.
You have a pair of large antennae on your head (SInv).


Message History

The troll is lightly wounded.
The troll bites you but does no damage. The troll claws you.
The troll claws you but does no damage.
You hit the troll but do no damage. The troll bites you!
The troll claws you but does no damage. The troll claws you.
You bump into the rock wall.
The golden eye blinks at you.
You easily resist.
The troll bites you but does no damage. The troll barely misses you.
The troll claws you but does no damage.
You're too confused to move!
The golden eye turns its gaze towards you.
The golden eye changes into a rime drake!
The troll bites you. The troll claws you but does no damage.
The troll claws you.
You closely miss the troll. The troll bites you but does no damage.
The troll claws you! x2
* * * LOW HITPOINT WARNING * * *
The rime drake breathes ice at you. The flash freeze hits you!
You die...

...................
.(.. ..
#####...###....#
.... . #
###........# ...(.
##...#####..##
..... ####...##
#...# ......
......##
#...###.....#
......#
#....k......#
..###.#
#....T......# .:#
#>.# #...@####...#
..####.# #...## ?.
...## .. #....#
....# ...........
##....#.......... #
#..## ....... ##
..# ...#... .#..##
..###.. ..##.


You could see a troll and a rime drake shaped shifter.

Vanquished Creatures
  The ghost of Murumi the Blocker, a novice FoFi of Elyvilon (D:8)
  Psyche (D:8)
  A two-headed ogre (D:8)
  The ghost of Kiel97 the Digger, an amateur DEEE (D:3)
  A wyvern (D:8)
  A steam dragon (D:9)
  An orc warrior (D:7)
  2 black bears
  An eye of draining (D:8)
  4 ogres
  A phantom (D:8)
  A sky beast (D:7)
  2 giant frogs
  A wyvern zombie (D:8)
  A wyvern skeleton (D:8)
  5 scorpions
  3 wights (D:6)
  2 howler monkeys
  2 crimson imps
  A giant frog zombie (D:8)
  3 jellies
  A quasit (D:7)
  A centaur zombie (D:7)
  6 orc wizards
  2 orc priests
  2 giant frog skeletons (D:8)
  3 hounds
  An iguana (D:6)
  2 worker ants
  A killer bee zombie (D:7)
  A hound skeleton (D:6)
  A worker ant zombie (D:8)
  6 adders
  2 shadow imps (D:7)
  3 oozes
  A worm (D:3)
  A dart slug (D:2)
  A giant gecko (D:1)
  26 orcs
  A ball python (D:1)
  4 giant cockroaches
  12 hobgoblins
  23 jackals
  13 kobolds
  3 quokkas
  6 bats
  A giant gecko skeleton (D:4)
  6 giant newts
  22 goblins
  A jackal zombie (D:6)
  A quokka skeleton (D:4)
  9 rats
  A withered plant (D:3)
200 creatures vanquished.

Vanquished Creatures (collateral kills)
  A two-headed ogre (D:8)
  An ice beast (D:8)
2 creatures vanquished.

Vanquished Creatures (others)
  An orc (D:6)
1 creature vanquished.

Grand Total: 203 creatures vanquished

Notes
Turn   | Place    | Note
--------------------------------------------------------------
     0 | D:1      | Murumi the Formicid Fighter began the quest for the Orb.
     0 | D:1      | Reached XP level 1. HP: 18/18 MP: 1/1
    51 | D:1      | Reached XP level 2. HP: 22/24 MP: 2/2
   206 | D:1      | Reached skill level 1 in Slings
   286 | D:1      | Reached XP level 3. HP: 29/29 MP: 3/3
   357 | D:1      | Reached skill level 2 in Slings
  1027 | D:2      | Reached XP level 4. HP: 28/35 MP: 4/4
  1082 | D:2      | Reached skill level 3 in Slings
  1463 | D:2      | Found a glowing golden altar of the Shining One.
  1610 | D:2      | Found an opulent altar of Gozag.
  1735 | D:3      | Found a basalt altar of Yredelemnul.
  1810 | D:3      | Noticed Kiel97's ghost (amateur DEEE)
  1828 | D:3      | Killed Kiel97's ghost
  1828 | D:3      | Reached skill level 5 in Slings
  1828 | D:3      | Reached XP level 5. HP: 40/41 MP: 5/5
  1828 | D:3      | Reached XP level 6. HP: 46/47 MP: 6/6
  2252 | D:3      | Noticed a black bear
  2266 | D:3      | Killed a black bear
  2266 | D:3      | Reached skill level 6 in Slings
  2266 | D:3      | Reached XP level 7. HP: 19/52 MP: 7/7
  2605 | D:3      | Found a shattered altar of Ashenzari.
  2605 | D:3      | Found a snail-covered altar of Cheibriados.
  3045 | D:4      | Found a shimmering altar of Xom.
  3086 | D:4      | Reached skill level 7 in Slings
  3299 | D:4      | You fall through a shaft for 3 floors!
  3434 | D:7      | Reached skill level 5 in Shields
  3594 | D:6      | Reached XP level 8. HP: 57/58 MP: 8/8
  3656 | D:5      | Entered Level 5 of the Dungeon
  4597 | D:5      | Reached skill level 5 in Long Blades
  5150 | D:6      | Noticed Blork the orc
  5407 | D:6      | Reached XP level 9. HP: 43/64 MP: 9/9
  5508 | D:6      | Found an iron altar of Okawaru.
  6031 | D:7      | Found a staircase to the Ecumenical Temple.
  6042 | Temple   | Entered the Ecumenical Temple
  6056 | Temple   | Became a worshipper of Elyvilon the Healer
  6840 | D:8      | Noticed Psyche
  6849 | D:8      | Killed Psyche
  6849 | D:8      | Reached skill level 8 in Slings
  6922 | D:8      | Found an oddly glowing altar of Pakellas.
  6959 | D:8      | Noticed a two-headed ogre
  6966 | D:8      | Killed a two-headed ogre
  6966 | D:8      | Reached skill level 9 in Slings
  7126 | D:8      | Noticed Murumi's ghost (novice FoFi)
  7151 | D:8      | Killed Murumi's ghost
  7151 | D:8      | Reached skill level 10 in Slings
  7151 | D:8      | Reached XP level 10. HP: 61/70 MP: 10/10
  7199 | D:8      | Found Moynich's Armour Shoppe.
  7239 | D:8      | Bought a +1 pair of gloves of dexterity for 231 gold pieces
  7311 | D:8      | Found a shadowy altar of Dithmenos.
  7312 | D:8      | Found a bloodstained altar of Trog.
  7313 | D:8      | Found a burning altar of Makhleb.
  7353 | D:8      | Found Bumov's Magic Scroll Boutique.
  7376 | D:8      | Found Ezafijom's Jewellery Boutique.
  7396 | D:8      | Bought a scroll of identify for 28 gold pieces
  7396 | D:8      | Bought a scroll of identify for 28 gold pieces
  7396 | D:8      | Bought a scroll of identify for 28 gold pieces
  7396 | D:8      | Bought a scroll of identify for 28 gold pieces
  7588 | D:8      | Bought a scroll of fog for 28 gold pieces
  7892 | D:8      | Bought a scroll of identify for 28 gold pieces
  8102 | D:9      | Reached * piety under Elyvilon
  8340 | D:9      | Noticed a rime drake
  8340 | D:9      | a golden eye changed into a rime drake
  8341 | D:9      | Killed from afar by a rime drake (shapeshifter)

Vault maps used:
D:1:      minmay_arrival_checkered_box
D:2:      marbit_many_paths, lemuel_crystal_altar, serial_glass,
          glass_columns_a, glass_columns_a, glass_columns_a, glass_columns_b
D:3:      gammafunk_temple_overflow_elements, yredelemnul_altar_generic,
          first_bread
D:4:      nicolae_overflow_crystal_walls
D:6:      okawaru_altar_gauntlet_db, minmay_ogre_servants, uniq_blork_the_orc
D:7:      minmay_temple_entry_glassed_door
D:8:      lemuel_round_altar, minitemple, serial_shops, shop, shop_statue,
          shop_scrolls, uniq_psyche
D:9:      basic_altar
Temple:   corrupted_temple

Skill      XL: |  1  2  3  4  5  6  7  8  9 10 |
---------------+-------------------------------+-----
Shields        | 4 5 8 9 |  9.1
Slings         | 1 2 5 6 7 10 | 10.3
Long Blades    | 3 4 5 6 7 |  7.0
Invocations    | 4 |  4.8
Fighting       | 4 |  4.0
Armour         | 4 |  4.4

Action                   |  1- 3 |  4- 6 |  7- 9 | 10-12 || total
-------------------------+-------+-------+-------+-------++-------
Melee: Long sword        |    80 |    90 |   364 |   101 ||   635
 Fire: Hunting sling     |    62 |    88 |   225 |   111 ||   486
 Abil: Dig               |     1 |       |     6 |       ||     7
  Use: Scroll            |       |     9 |    13 |     2 ||    24
       Potion            |       |     1 |     1 |       ||     2
  Eat: Chunk             |       |     5 |    16 |     4 ||    25
Armor: Scale mail        |    41 |     8 |       |       ||    49
       Plate armour      |       |    57 |   122 |    37 ||   216
Dodge: Dodged            |    36 |    20 |    50 |    22 ||   128
Block: Shield            |    50 |    41 |   308 |    86 ||   485
       Reflection        |       |       |    18 |       ||    18
